 Dungeon Crawl Stone Soup version 0.18.1-8-gdd0e5ea (webtiles) character file.

12057 Impy the Martial Artist (level 11, -1/79 HPs)
             Began as a Demonspawn Wanderer on May 24, 2016.
             Was a High Priest of Okawaru.
             Succumbed to a spiny frog's poison
             ... on level 2 of the Lair of Beasts.
             The game lasted 00:51:21 (10490 turns).

Impy the Martial Artist (Demonspawn Wanderer)      Turns: 10490, Time: 00:51:22

Health: -1/79      AC: 21    Str: 14    XL:     11   Next: 57%
Magic:  15/15      EV:  6    Int: 14    God:    Okawaru [*****.]
Gold:   701        SH:  0    Dex: 14    Spells: 0 memorised, 10 levels left

rFire  + + .     SeeInvis .       - Unarmed
rCold  + + .     Gourm    .     D - +2 chain mail {rC+}
rNeg   . . .     Faith    .     (no shield)
rPois  +         Spirit   .     h - +0 helmet
rElec  +         Dismiss  .     (no cloak)
rCorr  +         Reflect  .     (no gloves)
SustAt .         Harm     .     n - +2 pair of boots
MR     +....                    (no amulet)
Stlth  ..........               (no ring)
                                A - ring of protection from magic

@: lethally poisoned (-1 -> -27), resistant, somewhat resistant to hostile
enchantments, extremely unstealthy
A: claws 2, icy blue scales 2, fire resistance 1, powered by death 2, flame
cloud immunity
a: Heroism, Finesse, Renounce Religion


You were on level 2 of the Lair of Beasts.
You worshipped Okawaru.
Okawaru was extremely pleased with you.
You were hungry.

You visited 3 branches of the dungeon, and saw 12 of its levels.

You collected 701 gold pieces.

Inventory:

Hand Weapons
 a - a +2 dagger
 i - a +0 spear (quivered)
 k - a +1 trident of protection
 K - a +5 dagger of distortion
Missiles
 C - a throwing net
Armour
 e - a +0 robe
 h - a +0 helmet (worn)
 j - the +1 leather armour of a labyrinth {rN+ Regen+ Dex-5}
   (You found it on level 4 of the Dungeon)

   It affects your dexterity (-5).
   It protects you from negative energy.
   It increases your rate of regeneration.
 n - a +2 pair of boots (worn)
 t - a +1 hat
 x - a +0 chain mail
 D - a +2 chain mail of cold resistance (worn)
 F - a +0 shield
 L - a +2 robe
Jewellery
 v - an uncursed amulet of rage
 A - a ring of protection from magic (left claw)
Wands
 s - a wand of teleportation (4/9)
 y - a wand of polymorph (7/24)
 E - a wand of hasting (2/9)
 H - a wand of acid (0/15)
 I - a wand of flame (33/48)
 J - a wand of polymorph (8/24)
 M - a wand of paralysis (13/24)
 P - a wand of random effects (24/48)
Scrolls
 b - 2 scrolls of blinking
 d - 2 scrolls of teleportation
 g - 6 scrolls of identify
 m - 7 scrolls of remove curse
 o - 3 scrolls of enchant armour
 w - 2 scrolls of fog
 z - 3 scrolls of amnesia
 Q - a scroll of acquirement
Potions
 u - 2 potions of flight
Books
 G - a book of Unlife

   Spells                             Type                      Level
   a - Recall                         Summoning/Translocation      3
   b - Animate Dead                   Necromancy                   4
   c - Control Undead                 Necromancy                   4
   d - Cigotuvi's Embrace             Necromancy                   5
   e - Death Channel                  Necromancy                   6
   f - Simulacrum                     Ice/Necromancy               6
 O - a Fen Folio

   Spells                             Type                      Level
   a - Corpse Rot                     Necromancy                   2
   b - Stone Arrow                    Conjuration/Earth            3
   c - Leda's Liquefaction            Hexes/Earth                  4
   d - Summon Forest                  Summoning/Translocation      5
   e - Hydra Form                     Transmutation                6
   f - Summon Hydra                   Summoning                    7
Comestibles
 f - 4 bread rations
 l - a fruit
 p - a slice of pizza
 q - a beef jerky
 r - 2 meat rations


   Skills:
 - Level 5.0 Fighting
 - Level 2.8(3.1) Polearms
   Level 1.7(2.5) Staves
 - Level 10.0 Armour
 - Level 2.0 Dodging
 - Level 1.7 Stealth
 - Level 1.0 Shields
 + Level 11.8 Unarmed Combat
 + Level 6.1 Invocations
 - Level 1.0 Evocations


You had 10 spell levels left.
You didn't know any spells.

Dungeon Overview and Level Annotations

Branches:
Dungeon (9/15)             Temple (1/1) D:7            Lair (2/8) D:9
    Orc: D:9-12

Altars:
Ashenzari
Cheibriados
Gozag
Makhleb
Okawaru
Pakellas
Qazlal
Ru
Sif Muna
Trog
Xom
Yredelemnul
The Shining One

Shops:
D:9 :


Innate Abilities, Weirdness & Mutations

You have very sharp fingernails.
You are mostly covered in icy blue scales (AC +3, EV -1).
Your flesh is heat resistant.
You regenerate health from kills.
You are immune to clouds of flame.


Message History

Okay, then.
Drink which item? (? for menu, Esc to quit)
You are confused.
You feel invigorated.
* * * LOW HITPOINT WARNING * * *
You feel very sick.
There is a lethal amount of poison in your body!
* * * LOW HITPOINT WARNING * * *
You feel very sick.
* * * LOW HITPOINT WARNING * * *
You feel very sick.
You feel less invigorated.
You feel less confused.
* * * LOW HITPOINT WARNING * * *
You feel very sick.
* * * LOW HITPOINT WARNING * * *
You feel sick.
Drink which item? (? for menu, Esc to quit)
You feel protected.
You die...

.. .......... ##########.#
### .........P###P##....###.
... ........................
... ............†...........
... .......^...†...........
... .......................
P#. ####P.....P########....
# ##......# ###....P
#.@..#.#####....### #
##....##.#.....P# ####
#....#......####
P#P#############...........#
...#.#P..#.##P...........###
.......................#P#
##########################


There were no monsters in sight!

Vanquished Creatures
  Gastronok (Lair:1)
  A hydra (Lair:1)
  A black mamba (Lair:1)
  Psyche (D:8)
  5 blink frogs (Lair:1)
  12 yaks
  Eustachio (D:4)
  3 hippogriffs
  2 hungry ghosts
  3 water moccasins (Lair:1)
  Edmund (D:5)
  3 porcupines
  An orc warrior (D:8)
  A sky beast (D:8)
  9 ogres
  3 necrophages (D:8)
  12 wolves
  2 centaurs
  A crocodile (Lair:1)
  A big kobold (D:9)
  5 giant frogs
  A gnoll sergeant (D:9)
  A scorpion (D:4)
  7 wights (D:8)
  2 howler monkeys (D:7)
  5 crimson imps
  A wasp zombie (D:8)
  2 centaur zombies
  4 hounds
  4 orc priests
  2 jellies
  6 iguanas
  14 worker ants
  3 orc wizards
  A killer bee zombie (D:5)
  A hound zombie (D:8)
  A hound skeleton (D:6)
  4 mummies (D:8)
  A worker ant zombie (D:7)
  15 gnolls
  9 adders
  8 river rats (Lair:1)
  3 shadow imps
  4 oozes
  2 adder zombies
  3 adder skeletons
  2 worms
  A dart slug (D:3)
  7 giant geckos
  33 orcs
  5 bats
  5 giant cockroaches
  4 goblins
  11 hobgoblins
  7 jackals
  13 kobolds
  5 quokkas
  A ball python (D:4)
  A ball python skeleton (D:5)
  A giant gecko skeleton (D:6)
  2 giant gecko zombies (D:8)
  9 giant newts
  A quokka skeleton (D:7)
  A quokka zombie (D:7)
  6 rats
288 creatures vanquished.

Vanquished Creatures (others)
  3 fungi
  A plant (Lair:1)
4 creatures vanquished.

Grand Total: 292 creatures vanquished

Notes
Turn   | Place    | Note
--------------------------------------------------------------
     0 | D:1      | Impy the Demonspawn Wanderer began the quest for the Orb.
     0 | D:1      | Impy set off with: a +2 dagger, a scroll of blinking, a +0 spear, a scroll of teleportation, a +0 robe, a bread ration
     0 | D:1      | Reached XP level 1. HP: 13/13 MP: 1/1
   225 | D:1      | Reached skill level 1 in Fighting
   225 | D:1      | Gained mutation: You have sharp fingernails. [demonic ancestry]
   225 | D:1      | Reached XP level 2. HP: 19/21 MP: 2/2
   629 | D:1      | Gained mutation: Your flesh is heat resistant. [demonic ancestry]
   629 | D:1      | Reached XP level 3. HP: 20/26 MP: 3/3
   679 | D:1      | Reached skill level 1 in Unarmed Combat
  1126 | D:2      | Found a shattered altar of Ashenzari.
  1776 | D:2      | Gained mutation: You are partially covered in icy blue scales (AC +1). [demonic ancestry]
  1776 | D:2      | Reached XP level 4. HP: 33/33 MP: 4/4
  2135 | D:3      | Reached skill level 2 in Unarmed Combat
  2683 | D:3      | Reached skill level 1 in Armour
  2683 | D:3      | Gained mutation: You have very sharp fingernails. [demonic ancestry]
  2683 | D:3      | Reached XP level 5. HP: 30/39 MP: 5/5
  3097 | D:4      | Noticed Eustachio
  3105 | D:4      | Noticed an ogre
  3324 | D:4      | Noticed an ogre
  3343 | D:4      | Killed an ogre
  3343 | D:4      | Reached skill level 3 in Unarmed Combat
  3595 | D:4      | Killed Eustachio
  3595 | D:4      | Reached XP level 6. HP: 28/47 MP: 6/6
  3761 | D:4      | Reached skill level 4 in Unarmed Combat
  3771 | D:4      | Found a glowing golden altar of the Shining One.
  4136 | D:4      | Gained mutation: You regenerate a little health from kills. [demonic ancestry]
  4136 | D:4      | Reached XP level 7. HP: 50/52 MP: 7/7
  4621 | D:4      | Got a fine leather armour
  4632 | D:4      | Identified the +1 leather armour of a labyrinth {rN+ Regen+ Dex-5} (You found it on level 4 of the Dungeon)
  4703 | D:4      | Reached skill level 5 in Unarmed Combat
  4870 | D:5      | Entered Level 5 of the Dungeon
  5187 | D:5      | Reached XP level 8. HP: 61/61 MP: 8/8
  5399 | D:5      | Noticed Edmund
  5426 | D:5      | Killed Edmund
  5426 | D:5      | Reached skill level 6 in Unarmed Combat
  5700 | D:6      | Found a burning altar of Makhleb.
  5872 | D:6      | Reached skill level 5 in Fighting
  5971 | D:6      | Found a bloodstained altar of Trog.
  5971 | D:6      | Found a sacrificial altar of Ru.
  5971 | D:6      | Found a deep blue altar of Sif Muna.
  6061 | D:6      | Found a stormy altar of Qazlal.
  6254 | D:7      | Reached skill level 7 in Unarmed Combat
  6277 | D:7      | Reached skill level 5 in Armour
  6380 | D:7      | Gained mutation: You regenerate health from kills. [demonic ancestry]
  6380 | D:7      | Reached XP level 9. HP: 68/68 MP: 9/9
  6708 | D:7      | Found a staircase to the Ecumenical Temple.
  6714 | Temple   | Entered the Ecumenical Temple
  6786 | Temple   | Became a worshipper of Warmaster Okawaru
  6919 | D:8      | Reached skill level 8 in Unarmed Combat
  7238 | D:8      | Reached * piety under Okawaru
  7416 | D:8      | Noticed Psyche
  7582 | D:8      | Reached skill level 9 in Unarmed Combat
  7658 | D:8      | Killed Psyche
  8124 | D:8      | Gained mutation: You are mostly covered in icy blue scales (AC +3, EV -1). [demonic ancestry]
  8124 | D:8      | Reached XP level 10. HP: 63/74 MP: 7/10
  8190 | D:9      | Reached ** piety under Okawaru
  8286 | D:9      | Identified a scroll of acquirement
  8417 | D:9      | Reached skill level 10 in Unarmed Combat
  8485 | D:9      | Found Nonarhil's Book Emporium.
  8515 | D:9      | Found a staircase to the Lair.
  8777 | D:9      | Found a shimmering altar of Xom.
  8777 | D:9      | Found a shimmering altar of Xom.
  8777 | D:9      | Found a shimmering altar of Xom.
  8777 | D:9      | Found a shimmering altar of Xom.
  8777 | D:9      | Found a shimmering altar of Xom.
  8777 | D:9      | Found a shimmering altar of Xom.
  8779 | D:9      | Found a shimmering altar of Xom.
  8779 | D:9      | Found a shimmering altar of Xom.
  8831 | D:9      | Noticed a black mamba
  8832 | D:9      | a black mamba changed into a rime drake
  9335 | Lair:1   | Entered Level 1 of the Lair of Beasts
  9368 | Lair:1   | Noticed a six-headed hydra
  9380 | Lair:1   | Killed a six-headed hydra
  9380 | Lair:1   | Reached *** piety under Okawaru
  9694 | Lair:1   | Reached **** piety under Okawaru
  9700 | Lair:1   | Gained mutation: You are immune to clouds of flame. [demonic ancestry]
  9700 | Lair:1   | Reached XP level 11. HP: 64/79 MP: 11/11
  9814 | Lair:1   | Reached skill level 10 in Armour
  9814 | Lair:1   | Reached skill level 11 in Unarmed Combat
  9935 | Lair:1   | Reached skill level 1 in Invocations
 10049 | Lair:1   | Noticed Gastronok
 10067 | Lair:1   | Killed Gastronok
 10133 | Lair:1   | Reached skill level 5 in Invocations
 10161 | Lair:1   | Reached ***** piety under Okawaru
 10484 | Lair:2   | HP: 3/79 [poisoned by a spiny frog]
 10489 | Lair:2   | HP: 2/79 [poisoned by a spiny frog]
 10490 | Lair:2   | Succumbed to a spiny frog's poison

Skill      XL: |  1  2  3  4  5  6  7  8  9 10 11 |
---------------+----------------------------------+-----
Fighting       | 1 2 3 4 5 |  5.0
Unarmed Combat | 1 2 3 4 5 7 9 10 11 | 11.8
Dodging        | 2 |  2.0
Armour         | 1 2 3 5 7 9 10 | 10.0
Invocations    | 6 |  6.1
Polearms       | |  2.8
Staves         | |  1.7
Stealth        | |  1.7
Shields        | |  1.0
Evocations     | |  1.0

Action                   |  1- 3 |  4- 6 |  7- 9 | 10-12 || total
-------------------------+-------+-------+-------+-------++-------
Melee: Spear             |    16 |       |       |       ||    16
       Unarmed           |   167 |   204 |   630 |   423 ||  1424
       Punch             |       |     3 |     9 |    22 ||    34
Invok: Heroism           |       |       |     2 |     3 ||     5
Evoke: Wand              |       |       |     5 |       ||     5
  Use: Scroll            |       |     3 |    11 |     8 ||    22
       Potion            |       |     1 |     9 |     4 ||    14
 Stab: Sleeping          |     3 |     2 |       |       ||     5
  Eat: Chunk             |     2 |     9 |     6 |     4 ||    21
       Bread ration      |       |       |     2 |       ||     2
       Fruit             |       |       |     2 |     3 ||     5
       Meat ration       |       |       |     1 |       ||     1
Armor: Robe              |    37 |     1 |       |       ||    38
       Chain mail        |       |   100 |   292 |   319 ||   711
Dodge: Dodged            |   117 |    56 |   149 |   144 ||   466
